Map: Ghost River LC

Players

Djorjx

  • Race: Terran Terran
  • League: Master
  • Spawn Location: 11:00

Harstem - Winner!

  • Race: Protoss Protoss
  • League: Grandmaster
  • Spawn Location: 1:00

VOD

Have the link to the VOD?

Description

Time

  • Played on: March 21, 2024, 1:39 p.m.
  • Length: 9:35
Show
View Real Time Build Order
Export as new Build Order

Djorjx Terran 

Build Orders:  

Get SALT Encoding   

  12  0:00  SCV  
  13  0:12  SCV  
  14  0:17  Supply Depot  
  14  0:24  SCV  
  15  0:39  SCV  
  15  0:41  Barracks  
  16  0:43  Refinery  
  16  0:51  SCV  
  17  1:03  SCV  
  18  1:16  SCV  
  19  1:28  Marine, Orbital Command  
  20  1:40  Command Center  
  20  1:46  Barracks Reactor  
  20  1:50  Supply Depot  
  20  1:55  SCV  
  21  2:03  Barracks  
  21  2:07  SCV  
  22  2:15  Bunker  
  22  2:22  Barracks  
  22  2:23  Marine x2  
  22  2:27  SCV  
  25  2:39  SCV  
  25  2:41  Marine x2  
  28  2:50  Barracks Tech Lab  
  28  2:51  SCV  
  28  2:53  Refinery  
  29  2:59  Marine x2  
  29  3:04  SCV, Orbital Command  
  32  3:09  Stimpack  
  32  3:10  Barracks Tech Lab, Marine  
  33  3:16  SCV  
  33  3:17  Marine x2  
  36  3:22  Supply Depot  
  36  3:27  Marine  
  36  3:32  Combat Shield  
  37  3:35  Marine x2  
  37  3:36  Marine  
  37  3:38  SCV  
  37  3:40  SCV  
  42  3:50  Marauder  
  42  3:54  Marauder  
  42  3:55  Supply Depot  
  46  3:56  SCV  
  46  3:58  SCV  
  46  4:01  Marine x2  
  50  4:08  SCV  
  51  4:10  SCV, Factory  
  51  4:11  Marine  
  53  4:17  Supply Depot  
  53  4:19  Marine  
  53  4:20  Marine, SCV  
  53  4:22  SCV  
  57  4:24  Marine  
  58  4:31  Engineering Bay  
  58  4:32  SCV  
  58  4:34  SCV  
  60  4:38  Refinery  
  60  4:40  Marine x2  
  60  4:43  Marine x2  
  60  4:45  SCV  
  65  4:50  Supply Depot  
  62  4:57  SCV  
  62  4:58  Marine, Factory Reactor  
  62  4:59  Starport  
  56  5:00  SCV  
  56  5:02  Marine x2  
  56  5:03  Marine  
  59  5:09  SCV  
  59  5:12  SCV  
  61  5:16  Terran Infantry Weapons Level 1  
  61  5:20  Missile Turret  
  61  5:21  Marauder, SCV  
  63  5:22  Concussive Shells, Refinery  
  63  5:23  Marine  
  63  5:24  Marine, SCV  
  66  5:33  SCV  
  66  5:36  SCV  
  66  5:38  Marine  
  68  5:44  Command Center  
  68  5:45  Marine x2, SCV  
  68  5:49  SCV  
  72  5:51  Marauder  
  72  5:54  Factory Reactor  
  74  5:57  SCV  
  74  5:59  Missile Turret  
  74  6:01  SCV  
  76  6:04  Marine  
  76  6:08  Marine  
  78  6:12  Supply Depot  
  78  6:16  Supply Depot  
  78  6:17  Supply Depot  
  78  6:23  Marine, SCV  
  78  6:25  SCV  
  78  6:32  Supply Depot  
  78  6:33  Medivac x2  
  78  6:34  Widow Mine x2  
  78  6:36  Supply Depot  
  78  6:37  Marine x2  
  78  6:38  Marauder, SCV x2  
  92  6:41  Marauder  
  92  6:43  Supply Depot  
  94  6:50  SCV x2  
  96  7:02  Widow Mine x2, SCV x2  
  96  7:03  Marauder x2, Marine x2  
  108  7:08  Medivac x2  
  108  7:09  Missile Turret  
  108  7:10  Terran Infantry Armor Level 1  
  108  7:14  SCV x2  
  108  7:27  SCV  
  100  7:30  Marine  
  100  7:31  Marauder x2, SCV  
  100  7:35  Orbital Command  
  105  7:39  SCV  
  105  7:42  Supply Depot  
  105  7:43  SCV, Medivac x2  
  111  7:44  Widow Mine x2  
  111  7:50  Barracks  
  116  7:51  SCV  
  116  7:52  Barracks  
  116  7:54  Marine x2  
  116  7:56  SCV  
  119  7:59  Marauder x2  
  119  8:01  SCV  
  119  8:05  SCV  
  125  8:08  SCV  
  125  8:09  Widow Mine x2  
  125  8:12  Marine  
  127  8:13  Marine  
  127  8:14  SCV  
  127  8:17  SCV, Refinery x2  
  127  8:18  Supply Depot  
  127  8:19  Medivac x2  
  134  8:20  Marine  
  134  8:24  Ghost Academy  
  135  8:30  Marine  
  136  8:35  SCV x2  
  136  8:38  Widow Mine x2, Barracks Reactor  
  136  8:39  Barracks Tech Lab  
  136  8:40  Marine  
  143  8:41  SCV  
  143  8:42  Command Center  
  143  8:47  SCV  
  143  8:48  SCV  
  142  8:51  Marauder x2  
  142  8:52  Marine, Medivac x2  
  151  8:59  Widow Mine  
  148  9:12  Marauder, Marine x3  
  148  9:13  Marauder  
  128  9:18  SCV x2  
Show
View Real Time Build Order
Export as new Build Order

Harstem Protoss - Winner!

Build Orders: 1 Gate Expand, Phoenix Opening 

Get SALT Encoding   

  12  0:01  Probe  
  13  0:13  Probe  
  14  0:17  Pylon  
  14  0:25  Probe  
  15  0:35  Gateway  
  15  0:37  Probe (Chrono Boost)  
  16  0:46  Assimilator, Probe (Chrono Boost)  
  17  0:51  Probe (Chrono Boost)  
  18  1:03  Probe  
  19  1:15  Probe  
  20  1:23  Cybernetics Core  
  20  1:32  Nexus  
  20  1:34  Probe  
  21  1:41  Pylon  
  21  1:46  Probe  
  22  1:48  Assimilator  
  22  1:57  Adept (Chrono Boost)  
  22  1:58  Probe  
  25  2:10  Probe  
  26  2:16  Adept (Chrono Boost)  
  28  2:23  Probe  
  28  2:29  Stargate  
  29  2:36  Probe (Chrono Boost)  
  30  2:38  Warp Gate  
  30  2:44  Probe (Chrono Boost)  
  31  2:48  Stalker  
  34  2:53  Probe x2 (Chrono Boost)  
  34  2:56  Pylon  
  34  2:58  Probe (Chrono Boost)  
  35  2:59  Probe  
  35  3:02  Gateway  
  37  3:10  Probe  
  37  3:11  Probe  
  37  3:12  Phoenix (Chrono Boost)  
  41  3:22  Probe  
  41  3:23  Probe  
  43  3:28  Phoenix (Chrono Boost)  
  43  3:31  Pylon  
  45  3:34  Probe  
  45  3:35  Probe  
  47  3:46  Probe  
  47  3:47  Probe  
  49  3:48  Sentry  
  49  3:53  Nexus  
  51  3:58  Pylon, Probe  
  52  4:03  Assimilator  
  52  4:04  Probe  
  52  4:06  Phoenix  
  55  4:10  Probe  
  55  4:16  Probe  
  57  4:18  Shield Battery  
  57  4:22  Probe  
  58  4:26  Shield Battery  
  58  4:27  Adept x2  
  58  4:28  Probe  
  63  4:31  Pylon  
  63  4:35  Phoenix  
  63  4:37  Probe  
  66  4:40  Probe  
  67  4:47  Adept  
  67  4:49  Probe  
  67  4:50  Adept  
  72  4:57  Probe (Chrono Boost)  
  69  5:01  Phoenix  
  69  5:02  Probe (Chrono Boost)  
  69  5:06  Probe (Chrono Boost)  
  71  5:09  Probe (Chrono Boost)  
  71  5:11  Forge  
  71  5:12  Twilight Council  
  71  5:13  Probe (Chrono Boost)  
  74  5:15  Probe x2 (Chrono Boost)  
  74  5:18  Probe (Chrono Boost)  
  74  5:20  Probe (Chrono Boost)  
  76  5:23  Probe  
  76  5:26  Phoenix  
  76  5:28  Probe  
  81  5:31  Protoss Ground Armor Level 1 (Chrono Boost)  
  81  5:34  Probe  
  81  5:35  Gateway x2  
  82  5:36  Charge (Chrono Boost)  
  82  5:38  Probe  
  82  5:41  Gateway  
  82  5:42  Probe  
  84  5:44  Gateway  
  84  5:45  Gateway  
  84  5:51  Assimilator  
  84  5:53  Gateway, Probe  
  85  5:58  Sentry, Zealot, Pylon  
  85  6:01  Pylon  
  85  6:03  Probe  
  90  6:13  Pylon, Robotics Facility  
  90  6:15  Probe  
  90  6:16  Pylon  
  90  6:17  Pylon  
  91  6:20  Sentry  
  93  6:27  Zealot  
  93  6:29  Probe  
  93  6:32  Zealot x2  
  100  6:34  Pylon  
  100  6:35  Zealot  
  100  6:39  Zealot x2  
  106  6:43  Zealot  
  108  6:47  Pylon  
  108  6:49  Zealot x2  
  108  6:52  Zealot x2  
  116  6:57  Nexus  
  116  6:58  Immortal (Chrono Boost)  
  116  6:59  Zealot  
  122  7:04  Zealot  
  122  7:05  Robotics Bay  
  124  7:09  Zealot x2  
  128  7:19  Zealot x4  
  120  7:30  Protoss Ground Weapons Level 1 (Chrono Boost)  
  120  7:31  Zealot x4  
  120  7:32  Probe  
  120  7:33  Probe  
  120  7:34  Probe  
  125  7:40  Observer (Chrono Boost)  
  125  7:43  Forge  
  126  7:44  Zealot x3  
  126  7:45  Probe x2  
  126  7:46  Probe  
  135  7:52  Pylon  
  135  7:53  Zealot x2, Observer  
  135  7:54  Zealot  
  135  7:57  Probe  
  141  7:58  Colossus  
  141  8:01  Pylon  
  147  8:07  Probe  
  147  8:10  Probe  
  150  8:12  Probe  
  150  8:14  Probe  
  150  8:16  Photon Cannon  
  150  8:18  Sentry  
  150  8:19  Stalker, Zealot, Robotics Facility  
  157  8:26  Pylon, Probe  
  158  8:27  Assimilator  
  158  8:29  Pylon  
  158  8:30  Assimilator  
  158  8:31  Zealot  
  158  8:34  Observer  
  160  8:38  Zealot x4  
  168  8:42  Zealot x2  
  168  8:45  Probe  
  173  8:48  Zealot  
  173  8:51  Photon Cannon  
  179  9:03  Pylon  
  170  9:11  Zealot x2  
  170  9:12  Zealot x6  
Tags
 
Add a new tag
Caveats
  • Supply blocks, unpowered buildings, or Contaminate may cause inaccurate times.
  • Supply counts are checked every 10 seconds.